 Dungeon Crawl Stone Soup version 0.21-a0-515-g8d4ebbe138 (webtiles) character file.

2921 JackS81 the Destroyer (level 9, -6/62 HPs)
             Began as a Yellow Draconian Conjurer on Dec 3, 2017.
             Was a Believer of Vehumet.
             Mangled by a yak (9 damage)
             ... on level 7 of the Dungeon.
             The game lasted 00:47:31 (9487 turns).

JackS81 the Destroyer (Yellow Draconian Conjurer)   Turns: 9487, Time: 00:47:32

Health: -6/62      AC: 14    Str:  9 (11) XL:     9   Next: 50%
Magic:  1/27       EV: 13    Int: 15 (18) God:    Vehumet [**....]
Gold:   343        SH:  0    Dex:  8 (9)  Spells: 7/20 levels left

rFire    + + .     SeeInvis .   v - +3 short sword
rCold    . . .     Gourm    +   (no shield)
rNeg     + + .     Faith    .   (armour unavailable)
rPois    .         Spirit   .   A - +2 hat
rElec    .         Reflect  .   (no cloak)
rCorr    +         Harm     .   r - +1 pair of gloves
MR       +....                  q - +2 pair of boots
Stlth    +.........             p - amulet of the gourmand
HPRegen  0.20/turn              i - ring of magical power
MPRegen  0.20/turn              I - ring "Baxo Vam" {+Inv rF+ rN++ Dex-3}

@: short of breath, very slightly contaminated, drained
A: spit acid, acid resistance, unfitting armour, blurry vision 1, fire
resistance 1, magic resistance 1, cold-blooded, AC +7
a: Breathe Acid, Renounce Religion, Evoke Invisibility


You were on level 7 of the Dungeon.
You worshipped Vehumet.
Vehumet was pleased with you.
You were full.

You visited 1 branch of the dungeon, and saw 8 of its levels.

You collected 443 gold pieces.
You spent 100 gold pieces at shops.

Inventory:

Hand Weapons
 l - a +0 short sword
 v - a +3 short sword (weapon)
Missiles
 c - 219 arrows
 d - 118 stones (quivered)
 g - 62 sling bullets
 j - 91 bolts
Armour
 q - a +2 pair of boots (worn)
 r - a +1 pair of gloves (worn)
 A - a +2 hat (worn)
Magical Staves
 t - an uncursed staff of fire
Jewellery
 i - a ring of magical power (left hand)
 p - an amulet of the gourmand (around neck)
 I - the ring "Baxo Vam" (right hand) {+Inv rF+ rN++ Dex-3}
   (You found it on level 7 of the Dungeon)

   [ring of dexterity]

   It affects your dexterity (-3).
   It protects you from fire.
   It greatly protects you from negative energy.
   It lets you turn invisible.
 J - an uncursed ring of ice
Wands
 y - a wand of random effects (31)
 G - a wand of iceblast (2)
Scrolls
 e - 3 scrolls of fog
 k - 11 scrolls of identify
 m - a scroll of enchant weapon {unknown}
 s - 3 scrolls of teleportation {unknown}
 u - 2 scrolls of magic mapping {unknown}
 w - 2 scrolls of fear {unknown}
 C - a scroll of amnesia {unknown}
 E - 3 scrolls of remove curse
Potions
 h - a potion of haste {unknown}
 o - 3 potions of curing
 x - 2 potions of ambrosia {unknown}
 z - 2 potions of degeneration
 B - a potion of brilliance {unknown}
 D - a potion of mutation
Books
 a - a book of Conjurations

   Spells                             Type                      Level
   a - Magic Dart                     Conjuration                  1
   b - Searing Ray                    Conjuration                  2
   c - Dazzling Spray                 Conjuration/Hexes            3
   d - Fulminant Prism                Conjuration/Hexes            4
   e - Force Lance                    Conjuration/Translocation    4
   f - Iskenderun's Mystic Blast      Conjuration                  4
 F - a book of Cantrips

   Spells                             Type                      Level
   a - Confusing Touch                Hexes                        1
   b - Animate Skeleton               Necromancy                   1
   c - Summon Small Mammal            Summoning                    1
   d - Apportation                    Translocation                1
 H - a book of Callings

   Spells                             Type                      Level
   a - Summon Small Mammal            Summoning                    1
   b - Call Imp                       Summoning                    2
   c - Call Canine Familiar           Summoning                    3
   d - Summon Guardian Golem          Hexes/Summoning              3
   e - Summon Lightning Spire         Summoning/Air                4
   f - Summon Ice Beast               Ice/Summoning                4
Comestibles
 b - 5 bread rations
 f - 5 meat rations
 n - 4 royal jellies


   Skills:
 * Level 4.6(4.1) Dodging
 - Level 1.7(1.3) Stealth
 + Level 6.4(5.9) Spellcasting
 + Level 9.2(8.7) Conjurations
 - Level 1.2(0.7) Hexes
 * Level 0.9(0.5) Fire Magic
 - Level 3.0(2.5) Earth Magic
 * Level 4.5(4.0) Evocations


You had 7 spell levels left.
You knew the following spells:

 Your Spells              Type           Power        Failure   Level  Hunger
a - Magic Dart            Conj           ####         1%          1    None
b - Searing Ray           Conj           ####..       1%          2    #......
c - Dazzling Spray        Conj/Hex       ###...       6%          3    ###....
d - Iskenderun's Mystic   Conj           ####....     4%          4    ####...
e - Sandblast             Erth           ##....       5%          1    None
f - Throw Flame           Conj/Fire      ###...       3%          2    #......


Dungeon Overview and Level Annotations

Branches:
Dungeon (8/15)             Temple (0/1) D:4
   Lair: D:8-11

Altars:
Vehumet
Wu Jian
Xom

Shops:
D:5 (   D:7 }**

Annotations:
D:6 SnubMonkey's ghost, novice FoFi
D:8 Pikel


Innate Abilities, Weirdness & Mutations

You can spit globs of acid.
You are resistant to acid.
Your golden yellow scales are hard. (AC +7)
You cannot fit into any form of body armour.
You are cold-blooded and may be slowed by cold attacks.
Scrolls take you a little longer to read.
Your flesh is heat resistant. (rF+)
You are resistant to hostile enchantments. (MR+)


Message History

You hit the yak.
The yak is almost dead.
The yak closely misses you.
It was a potion of degeneration.
There was something very wrong with that liquid.
You feel weakened.
You feel dopey.
You feel clumsy. The yak closely misses you.
It was a potion of mutation.
You feel extremely strange.
Your vision blurs.
You feel resistant to heat.
You feel resistant to hostile enchantments.
The yak barely misses you.
Casting: Magic Dart
Confirm with . or Enter, or press ? or * to list all spells.
Aiming: Magic Dart
Press: ? - help, Shift-Dir - straight line, f/p - yak
Aim: a yak (almost dead)
The magic dart hits the yak.
The yak is almost dead.
The yak gores you!
You die...

#....####### #..........#
#.....####.# #.....#..#.# ###
#.....#..#.### #.. #.....#......#
#.. ####.....#.##.#)# #..
..>...........#Y###############..
##..............@................
#.......#.##.#......##.#######..
##.......#.##............([().)..
.........#.##.[......##.#######..
##.......#.##........##.# #..
.........#.##........##'#########
########.#.##......###........#
..# #.#.##......# #........# #.#
#.#.##......###.......∩#


You could see a yak.

Vanquished Creatures
  Prince Ribbit (D:5)
  Grinder (D:5)
  A hippogriff (D:8)
  Sigmund (D:3)
  Duvessa (D:5)
  2 sky beasts
  An ice beast (D:6)
  An orc warrior (D:6)
  3 slaves (D:7)
  3 ogres
  4 phantoms
  2 centaurs (D:5)
  A bullfrog (D:7)
  Dowan (D:5)
  A howler monkey (D:7)
  5 wights (D:7)
  A crimson imp (D:6)
  2 hounds
  2 orc priests
  3 orc wizards
  2 worker ants (D:6)
  A hound skeleton (D:3)
  Robin (D:3)
  8 gnolls
  A howler monkey skeleton (D:5)
  5 adders
  A shadow imp (D:5)
  2 adder skeletons
  An adder zombie (D:5)
  A worm (D:5)
  2 dart slugs (D:1)
  2 leopard geckos
  36 orcs
  10 bats
  6 giant cockroaches
  20 goblins
  8 hobgoblins
  7 jackals
  2 quokkas
  5 ball pythons
  6 frilled lizards
  5 kobolds
  A quokka skeleton (D:4)
  7 rats
177 creatures vanquished.

Vanquished Creatures (others)
  An orc (D:6)
1 creature vanquished.

Grand Total: 178 creatures vanquished

Notes
Turn   | Place    | Note
-------+----------+-------------------------------------------
     0 | D:1      | JackS81 the Draconian Conjurer began the quest for the Orb.
     0 | D:1      | Reached XP level 1. HP: 14/14 MP: 3/3
   373 | D:1      | Reached XP level 2. HP: 9/20 MP: 3/5
   651 | D:1      | Learned a level 2 spell: Searing Ray
   927 | D:1      | Reached skill level 5 in Conjurations
   927 | D:1      | Reached XP level 3. HP: 13/26 MP: 0/6
  2041 | D:2      | Found a radiant altar of Vehumet.
  2049 | D:2      | Became a worshipper of Vehumet
  2165 | D:2      | Learned a level 3 spell: Dazzling Spray
  2506 | D:3      | Reached XP level 4. HP: 33/33 MP: 2/7
  2585 | D:3      | Found a shimmering altar of Xom.
  2938 | D:3      | Noticed an ogre
  2978 | D:3      | Found an ornate altar of the Wu Jian Council.
  3022 | D:3      | Killed an ogre
  3022 | D:3      | Reached skill level 6 in Conjurations
  3022 | D:3      | Reached XP level 5. HP: 12/38 MP: 0/8
  3310 | D:3      | Noticed Sigmund
  3334 | D:3      | Killed Sigmund
  3334 | D:3      | Reached skill level 1 in Hexes
  3334 | D:3      | Reached skill level 1 in Evocations
  3334 | D:3      | Reached XP level 6. HP: 27/45 MP: 0/10
  3507 | D:3      | Noticed Robin
  3521 | D:3      | Killed Robin
  3704 | D:3      | Reached * piety under Vehumet
  3704 | D:3      | Offered knowledge of Sandblast by Vehumet.
  3721 | D:3      | Learned a level 4 spell: Iskenderun's Mystic Blast
  3981 | D:4      | Found a staircase to the Ecumenical Temple.
  4424 | D:5      | Entered Level 5 of the Dungeon
  4455 | D:5      | Found Pumoar's Weapon Emporium.
  4459 | D:5      | Noticed Duvessa
  4510 | D:5      | Killed Duvessa
  4510 | D:5      | Reached skill level 7 in Conjurations
  4526 | D:5      | Noticed Dowan
  4729 | D:5      | Killed Dowan
  4729 | D:5      | Your scales start taking on a golden yellow colour.
  4729 | D:5      | Reached XP level 7. HP: 23/50 MP: 4/11
  4927 | D:5      | Learned a level 1 spell: Sandblast
  5048 | D:5      | Noticed Grinder
  5053 | D:5      | Paralysed by Grinder for 5 turns
  5067 | D:5      | Killed Grinder
  5255 | D:5      | Reached skill level 1 in Earth Magic
  5397 | D:5      | Noticed Prince Ribbit
  5444 | D:5      | Killed Prince Ribbit
  5444 | D:5      | Reached skill level 8 in Conjurations
  5444 | D:5      | Reached XP level 8. HP: 57/57 MP: 0/14
  6601 | D:6      | Reached skill level 5 in Spellcasting
  6763 | D:6      | Noticed SnubMonkey's ghost (novice FoFi)
  7360 | D:6      | Offered knowledge of Shock by Vehumet.
  7535 | D:7      | Reached ** piety under Vehumet
  7554 | D:7      | Reached XP level 9. HP: 46/62 MP: 0/17
  7721 | D:7      | Reached skill level 9 in Conjurations
  8049 | D:7      | Got a shimmering platinum ring
  8058 | D:7      | Identified the cursed ring "Baxo Vam" {+Inv rF+ rN++ Dex-3} (You found it on level 7 of the Dungeon)
  8373 | D:7      | Found Couxt's Assorted Antiques.
  8386 | D:7      | Found Woariof Idyrph's Assorted Antiques.
  8393 | D:7      | Bought a glowing diamond amulet for 100 gold pieces
  8593 | D:7      | Found Kaupuniupp's Gadget Emporium.
  8811 | D:7      | Offered knowledge of Throw Flame by Vehumet.
  8823 | D:7      | Learned a level 2 spell: Throw Flame
  9299 | D:8      | Noticed Pikel
  9482 | D:7      | HP: 2/62 [yak (17)]
  9486 | D:7      | Gained mutation: Scrolls take you a little longer to read. [potion of mutation]
  9486 | D:7      | Gained mutation: Your flesh is heat resistant. (rF+) [potion of mutation]
  9486 | D:7      | Gained mutation: You are resistant to hostile enchantments. (MR+) [potion of mutation]
  9487 | D:7      | Mangled by a yak

Vault maps used:
D:1:      dpeg_arrival_simpleton_b
D:2:      old_standard_altar, first_bread
D:3:      lemuel_round_altar, tgw_xom, uniq_sigmund, uniq_robin
D:4:      minmay_temple_entry_crystal_x
D:5:      serial_shops, shop, supply_closet_lemuel, minmay_misc_feat_roman,
          uniq_duvessa, uniq_grinder, uniq_prince_ribbit1
D:7:      serial_shops, nicolae_shop_behind_doors, shop, shop
D:8:      kennysheep_mini, david_nohive_1, uniq_pikel

Skill      XL: |  1  2  3  4  5  6  7  8  9 |
---------------+----------------------------+-----
Conjurations   | 5 6 7 8 9 |  9.2
Dodging        | 2 3 4 |  4.6
Hexes          | 1 |  1.2
Evocations     | 1 2 3 4 |  4.5
Spellcasting   | 3 4 5 6 |  6.4
Earth Magic    | 1 3 |  3.0
Stealth        | |  1.7
Fire Magic     | |  0.9

Action                   |  1- 3 |  4- 6 |  7- 9 || total
-------------------------+-------+-------+-------++-------
Melee: Unarmed           |    34 |       |       ||    34
       Tailslap          |     3 |     7 |    10 ||    20
       Short sword       |       |    56 |    82 ||   138
       Staff             |       |     3 |       ||     3
 Cast: Magic Dart        |    87 |    74 |   297 ||   458
       Dazzling Spray    |       |    10 |    18 ||    28
       Sandblast         |       |       |    67 ||    67
       Iskenderun's Myst |       |       |     6 ||     6
       Searing Ray       |       |       |     3 ||     3
 Abil: Breathe Acid      |       |       |     4 ||     4
Evoke: Wand              |       |       |     2 ||     2
  Use: Scroll            |       |     4 |     2 ||     6
       Potion            |       |     2 |     2 ||     4
 Stab: Invisible         |       |     5 |       ||     5
  Eat: Chunk             |     6 |     2 |    18 ||    26
       Meat ration       |       |     2 |       ||     2
       Bread ration      |       |       |     1 ||     1
Armor: Skin              |    16 |    19 |    88 ||   123
Dodge: Dodged            |    25 |    47 |   143 ||   215

Table legend:
 A = Spawn XP
 B = Non-spawn XP
 C = Spawn XP percentage of total XP
 D = Spawn monster count
 E = Non-spawn monster count
 F = Spawn count percentage of total count
 G = Total turns spent on level
                    A         B        C        D         E        F      G
               +---------+---------+-------+---------+---------+-------+---------
         Total |       0 |    4174 |   0.0 |       0 |     175 |   0.0 |  9487
               +---------+---------+-------+---------+---------+-------+---------
           D:1 |       0 |      66 |   0.0 |       0 |      31 |   0.0 |  1634
           D:2 |       0 |      23 |   0.0 |       0 |      14 |   0.0 |   821
           D:3 |       0 |     472 |   0.0 |       0 |      38 |   0.0 |  1526
           D:4 |       0 |       6 |   0.0 |       0 |       3 |   0.0 |   629
           D:5 |       0 |    1539 |   0.0 |       0 |      31 |   0.0 |  1792
           D:6 |       0 |     613 |   0.0 |       0 |      17 |   0.0 |  1118
           D:7 |       0 |    1200 |   0.0 |       0 |      40 |   0.0 |  1764
           D:8 |       0 |     255 |   0.0 |       0 |       1 |   0.0 |   203
               +---------+---------+-------+---------+---------+-------+---------
